Map: Temple of the Past

Players

wasp

  • Race: Protoss Protoss

larsgj

  • Race: Terran Terran

VOD

Have the link to the VOD?

Description

Time

  • Played on: July 11, 2022, 6:39 a.m.
  • Length: 26:11
Show
View Real Time Build Order
Export as new Build Order

wasp Protoss 

Build Orders:  

Get SALT Encoding   

    1:05  Probe x12 (Chrono Boost)  
    1:19  Unknown x2  
  12  1:40  Pylon  
  12  1:51  Pylon  
  12  1:58  Assimilator  
  12  2:11  Assimilator  
  12  2:38  Probe (Chrono Boost)  
  13  2:52  Probe (Chrono Boost)  
  14  3:03  Gateway  
  14  3:05  Probe (Chrono Boost)  
  15  3:19  Probe (Chrono Boost)  
  16  3:21  Forge  
  16  3:33  Probe (Chrono Boost)  
  17  4:08  Pylon  
  17  4:13  Pylon  
  17  4:43  Photon Cannon  
  17  4:51  Photon Cannon  
  17  4:56  Photon Cannon  
  17  5:00  Photon Cannon  
  17  5:43  Photon Cannon  
  17  5:54  Photon Cannon  
  17  6:11  Photon Cannon  
  17  6:13  Photon Cannon  
  17  6:18  Photon Cannon  
  17  6:25  Photon Cannon x2  
  17  7:13  Zealot  
  17  7:15  Zealot  
  17  7:17  Zealot  
  23  8:01  Nexus  
  23  8:38  Assimilator  
  23  8:51  Assimilator  
  23  10:25  Pylon  
  23  10:29  Pylon  
  23  10:30  Probe (Chrono Boost)  
  24  10:44  Probe (Chrono Boost)  
  25  10:51  Pylon  
  25  10:58  Probe (Chrono Boost)  
  26  11:03  Photon Cannon  
  26  11:09  Photon Cannon  
  26  11:11  Probe (Chrono Boost), Photon Cannon  
  27  11:25  Probe (Chrono Boost)  
  28  11:41  Photon Cannon  
  28  11:45  Photon Cannon  
  28  11:51  Photon Cannon  
  8  20:43  Gateway  
  8  20:51  Gateway  
  8  22:19  Zealot  
  8  22:34  Zealot  
  8  22:36  Zealot  
  8  22:38  Zealot  
  12  23:05  Zealot  
  12  23:06  Zealot  
  11  23:24  Zealot  
  11  23:26  Zealot  
  15  23:49  Zealot  
  7  25:11  Zealot x2  
  7  25:12  Zealot  
  7  25:14  Zealot  
  7  25:15  Zealot  
  7  25:16  Zealot  
Show
View Real Time Build Order
Export as new Build Order

larsgj Terran 

Build Orders:  

Get SALT Encoding   

    1:02  SCV x12  
    1:19  Unknown x2  
  12  1:30  SCV  
  13  1:47  SCV  
  14  1:57  Supply Depot  
  14  2:06  Barracks  
  14  2:28  Supply Depot  
  14  2:41  Engineering Bay  
  14  2:55  Refinery  
  14  2:56  SCV, Refinery  
  15  3:03  Marine  
  16  3:13  Marine  
  17  4:17  Missile Turret  
  17  4:40  Factory  
  17  4:45  SCV  
  18  5:02  SCV  
  19  5:13  Missile Turret  
  19  5:19  SCV  
  20  5:31  Marine  
  20  5:36  SCV  
  22  5:41  Marine  
  22  5:44  Starport  
  23  5:51  Marine  
  24  6:12  Supply Depot  
  24  6:14  Supply Depot  
  24  6:17  Missile Turret  
  24  7:39  Starport Tech Lab  
  24  8:05  Cloaking Field  
  23  8:52  Starport  
  23  8:56  Banshee  
  26  9:24  Banshee  
  28  9:52  Banshee  
  31  10:07  Starport Tech Lab  
  31  10:11  Starport  
  31  10:19  Supply Depot  
  31  10:21  Supply Depot  
  31  10:24  Supply Depot  
  31  10:26  Supply Depot, Advanced Optics  
  31  10:28  Supply Depot  
  31  10:42  SCV  
  32  10:59  SCV  
  19  13:33  Banshee x2  
  23  14:00  Banshee  
  23  14:01  Banshee  
  29  14:28  Banshee x2  
  32  14:56  Banshee x2  
Tags
 
Add a new tag
Caveats
  • Supply blocks, unpowered buildings, or Contaminate may cause inaccurate times.
  • Supply counts are checked every 10 seconds.